 Dungeon Crawl Stone Soup version 0.18.1-48-g4cf74bf (webtiles) character file.

305 ololoev the Magician (level 6, -4/32 HPs)
             Began as a Deep Elf Fire Elementalist on July 27, 2016.
             Killed from afar by a slave (31 damage)
             ... with an exploding inner flame
             ... led by Pikel
             ... hexed by the player character
             ... on level 5 of the Dungeon.
             The game lasted 00:08:41 (1035 turns).

ololoev the Magician (Deep Elf Fire Elementalist)   Turns: 1035, Time: 00:08:41

Health: -4/32      AC:  2    Str:  5    XL:     6   Next: 16%
Magic:  1/15       EV: 13    Int: 22    God:
Gold:   270        SH:  0    Dex: 15    Spells: 4 memorised, 4 levels left

rFire  . . .     SeeInvis .     a - +0 dagger (elec)
rCold  . . .     Gourm    .     j - +0 robe
rNeg   . . .     Faith    .     (no shield)
rPois  .         Spirit   .     (no helmet)
rElec  .         Dismiss  .     (no cloak)
rCorr  .         Reflect  .     (no gloves)
SustAt .         Harm     .     (no boots)
MR     .....                    (no amulet)
Stlth  ++........               (no ring)
                                (no ring)

@: not resistant to hostile enchantments, unstealthy
A: no striking features
a: no special abilities

Inventory:

Hand Weapons
 a - a +0 dagger of electrocution (weapon)
Armour
 j - a +0 robe (worn)
Scrolls
 d - 2 scrolls of immolation {unknown}
 h - 3 scrolls of identify {unknown}
 k - a scroll of remove curse {unknown}
 m - a scroll of teleportation {unknown}
 o - a scroll of enchant armour {unknown}
 r - 3 scrolls of holy word {unknown}
Potions
 e - 3 potions of curing {unknown}
 f - a potion of invisibility {unknown}
 i - a potion of resistance {unknown}
 l - a potion of agility {unknown}
 n - a potion of magic {unknown}
 p - a potion of flight {unknown}
 q - a potion of might {unknown}
Books
 b - a book of Flames

   Spells                             Type                      Level
   a - Flame Tongue                   Conjuration/Fire             1
   b - Throw Flame                    Conjuration/Fire             2
   c - Conjure Flame                  Conjuration/Fire             3
   d - Inner Flame                    Hexes/Fire                   3
   e - Sticky Flame                   Conjuration/Fire             4
   f - Fireball                       Conjuration/Fire             5
Comestibles
 c - 2 bread rations
 g - a meat ration


   Skills:
 - Level 2.4 Dodging
 - Level 2.4 Stealth
 * Level 5.1 Spellcasting
 * Level 4.6 Conjurations
 * Level 4.9 Fire Magic


You had 4 spell levels left.
You knew the following spells:

 Your Spells              Type           Power        Failure   Level  Hunger
a - Flame Tongue          Conj/Fire      ####.        1%          1    None
b - Conjure Flame         Conj/Fire      ####....     4%          3    ##.....
c - Sticky Flame          Conj/Fire      ####....     14%         4    ####...
e - Inner Flame           Hex/Fire       ###.....     12%         3    ##.....


You were on level 5 of the Dungeon.
You were very hungry.

You visited 1 branch of the dungeon, and saw 6 of its levels.
You also visited: Ossuary.

You collected 270 gold pieces.

.... .... ..... .....
.....? ###......
#Kp...... #ยง#...... #@#
###+# #.#
################.###...
.......................#
####.####........###....
.# #.# #.######## ..
.###.# #.#
..##.####+#####
#.##.#........#

Notes
Turn   | Place    | Note
--------------------------------------------------------------
     0 | D:1      | ololoev the Deep Elf Fire Elementalist began the quest for the Orb.
     0 | D:1      | Reached XP level 1. HP: 10/10 MP: 6/6
   144 | D:1      | Reached XP level 2. HP: 15/15 MP: 4/8
   411 | D:5      | Entered Level 5 of the Dungeon
   425 | D:5      | Reached XP level 3. HP: 15/19 MP: 1/9
   432 | D:5      | Learned a level 3 spell: Conjure Flame
   436 | D:5      | Learned a level 3 spell: Inner Flame
   442 | D:5      | Noticed an ice beast
   518 | D:5      | Reached XP level 4. HP: 15/24 MP: 1/11
   524 | D:5      | Reached skill level 4 in Spellcasting
   572 | D:5      | Found a sand-covered staircase.
   603 | Ossuary  | Entered an ossuary
   669 | Ossuary  | Learned a level 4 spell: Sticky Flame
   674 | Ossuary  | Reached XP level 5. HP: 28/28 MP: 7/13
   985 | D:5      | Reached skill level 5 in Spellcasting
   985 | D:5      | Reached XP level 6. HP: 32/32 MP: 11/15
  1018 | D:5      | Noticed Pikel
  1018 | D:5      | Noticed a slave
  1018 | D:5      | Noticed a slave
  1018 | D:5      | Noticed a slave
  1019 | D:5      | Noticed a slave
  1035 | D:5      | Killed a slave
  1035 | D:5      | Killed from afar by a slave

Dungeon Overview and Level Annotations

Branches:
Dungeon (6/15)
 Temple: D:4-7

Altars:

Annotations:
D:5 Pikel


Message History

Confirm with . or Enter, or press ? or * to list all spells.
Aiming: Inner Flame
Press: ? - help, Shift-Dir - straight line, f - slave
Aim: a slave, wearing an animal skin (chance to defeat MR: 71%)
The slave is filled with an inner flame.
Casting: Inner Flame
Confirm with . or Enter, or press ? or * to list all spells.
Aiming: Flame Tongue
Press: ? - help, Shift-Dir - straight line, f/p - slave
Aim: a slave, wearing an animal skin (inner flame)
The flame tongue hits the slave.
The slave is moderately wounded.
You are feeling very hungry.
Adjust (i)tems, (s)pells, or (a)bilities?
Adjust which spell? d - Sticky Flame Adjust to which letter? c - Sticky Flame You swing at nothing.
Casting: Flame Tongue
Confirm with . or Enter, or press ? or * to list all spells.
Aiming: Inner Flame
Press: ? - help, Shift-Dir - straight line, f - slave, p - slave
Aim: a slave, wearing an animal skin (chance to defeat MR: 71%)
The slave is filled with an inner flame.
Casting: Inner Flame
Confirm with . or Enter, or press ? or * to list all spells.
Aiming: Flame Tongue
Press: ? - help, Shift-Dir - straight line, f/p - slave
Aim: a slave, wearing an animal skin (inner flame)
The flame tongue misses the slave.
Casting: Flame Tongue
Confirm with . or Enter, or press ? or * to list all spells.
Aiming: Flame Tongue
Press: ? - help, Shift-Dir - straight line, f/p - slave
Aim: a slave, wearing an animal skin (inner flame)
The flame tongue misses the slave.
Casting: Flame Tongue
Confirm with . or Enter, or press ? or * to list all spells.
Aiming: Flame Tongue
Press: ? - help, Shift-Dir - straight line, f/p - slave
Aim: a slave, wearing an animal skin (inner flame)
The flame tongue misses the slave.
The flame tongue hits the slave.
The slave appears unharmed.
Casting: Flame Tongue
Confirm with . or Enter, or press ? or * to list all spells.
Aiming: Flame Tongue
Press: ? - help, Shift-Dir - straight line, f/p - slave
Aim: a slave, wearing an animal skin (inner flame)
The flame tongue hits the slave.
The slave is moderately wounded.
Casting: Flame Tongue
Confirm with . or Enter, or press ? or * to list all spells.
Aiming: Flame Tongue
Press: ? - help, Shift-Dir - straight line, f/p - slave
Aim: a slave, wearing an animal skin (moderately wounded, inner flame)
The flame tongue hits the slave.
The slave is severely wounded.
Casting: Flame Tongue
Confirm with . or Enter, or press ? or * to list all spells.
Aiming: Flame Tongue
Press: ? - help, Shift-Dir - straight line, f/p - slave
Aim: a slave, wearing an animal skin (severely wounded, inner flame)
The flame tongue hits the slave.
The slave is almost dead.
You aren't carrying any items that you can evoke.
You hit the slave but do no damage.
The slave is almost dead.
Pikel hits you with a whip of flaming. Pikel burns you.
Unknown command.
You closely miss the slave.
The slave is almost dead.
The slave completely misses you.
You hit the slave but do no damage.
There is a sudden explosion of sparks!
The slave explodes!
The fiery explosion engulfs Pikel.
Pikel is almost dead.
The fiery explosion engulfs you!
Ouch! That really hurt!
You die...

You could see Pikel and a slave.

Vanquished Creatures
  A giant frog skeleton (D:5)
  A jelly (D:5)
  3 orc wizards (D:5)
  A big kobold zombie (Ossuary)
  8 mummies (Ossuary)
  A howler monkey zombie (D:5)
  2 worms
  A giant gecko (D:1)
  2 orcs (D:5)
  A ball python (D:1)
  2 goblins (D:1)
  2 hobgoblins
  4 kobolds
  2 bats (D:1)
  3 giant newts
  3 gnoll zombies (Ossuary)
  A goblin zombie (D:5)
  A hobgoblin zombie (Ossuary)
  A kobold zombie (Ossuary)
  2 orc zombies (Ossuary)
  A quokka zombie (D:5)
  6 rats
49 creatures vanquished.

Action                   |  1- 3 |  4- 6 || total
-------------------------+-------+-------++-------
Melee: Spear             |    12 |       ||    12
       Morningstar       |     1 |       ||     1
       Dagger            |       |    39 ||    39
 Cast: Flame Tongue      |    42 |    35 ||    77
       Conjure Flame     |       |     6 ||     6
       Inner Flame       |       |     2 ||     2
 Stab: Sleeping          |     2 |       ||     2
Armor: Robe              |     8 |     2 ||    10
Dodge: Dodged            |    19 |    35 ||    54

Vault maps used:
D:1:      evilmike_arrival_fibonacci_small, minmay_stone_trees_small
D:2:      lemuel_crystal_altar, uniq_terence
D:3:      ecumenical_altar_1, hangedman_decor_opposing, minivault_27,
          minmay_cupped
D:5:      nicolae_overflow_hidden_temple, first_bread, enter_ossuary_4,
          hex_large, uniq_pikel
D:6:      grunt_temple_overflow_forces_of_nature, xom_teletrap_fun,
          lemuel_crystal_altar, grunt_tough_drop, uniq_sigmund, uniq_eustachio,
          uniq_crazy_yiuf_cottage
Ossuary:  ossuary_tomb_3
